 Dungeon Crawl Stone Soup version 0.25.0-3-gd7cc5688da (webtiles) character file.

Game seed: 17460334182358021368

127 grindst0ne the Ruffian (level 5, 0/46 (47) HPs)
             Began as a Ghoul Monk on June 15, 2020.
             Killed from afar by an orc wizard (2 damage)
             ... with a magic dart
             ... on level 3 of the Dungeon.
             The game lasted 00:03:11 (1852 turns).

grindst0ne the Ruffian (Ghoul Monk)                 Turns: 1852, Time: 00:03:12

HP:   0/46 (47)     AC:  8    Str: 15 (16) XL:     5   Next: 11%
MP:   4/4           EV: 11    Int:  5      God:
Gold: 86            SH:  0    Dex: 11      Spells: 4/4 levels left

rFire    . . .     SeeInvis .     - Unarmed
rCold    + . .     Gourm    .   (no shield)
rNeg     + + +     Faith    .   l - +0 ring mail
rPois    ∞         Spirit   .   (no helmet)
rElec    .         Reflect  .   j - +2 cloak
rCorr    .         Harm     .   (no gloves)
MR       .....                  (no boots)
Stlth    +.........             (no amulet)
HPRegen  0.00/turn              (no ring)
MPRegen  0.09/turn              (no ring)

@: brilliant, stab, very slightly contaminated, rotting, slowed, very slow
A: rotting body, claws 1, carnivore, cold resistance 1, negative energy
resistance 3, inhibited regeneration, torment resistance, unbreathing
a: no special abilities


You were on level 3 of the Dungeon.
You were not hungry.

You visited 1 branch of the dungeon, and saw 3 of its levels.

You collected 86 gold pieces.

Inventory:

Armour
 i - a +0 plate armour
 j - a +2 cloak (worn)
 l - a +0 ring mail (worn)
Scrolls
 a - a scroll of remove curse {unknown}
 c - a scroll of enchant weapon
 f - a scroll of immolation {unknown}
 g - a scroll of identify
 n - a scroll of teleportation {unknown}
Comestibles
 b - 5 rations
 q - 3 chunks of flesh


   Skills:
 + Level 4.9 Fighting
 - Level 2.6 Dodging
 - Level 2.1 Stealth
 + Level 4.9 Unarmed Combat


You had 4 spell levels left.
You didn't know any spells.
Your spell library was empty.

Dungeon Overview and Level Annotations

Branches:
Dungeon (3/15)

Altars:
The Shining One


Innate Abilities, Weirdness & Mutations

Your body is rotting away.
You thrive on raw meat.
You are immune to poison.
You have sharp fingernails.
You are carnivorous and can eat meat at any time.
Your flesh is cold resistant. (rC+)
You are immune to negative energy. (rN+++)
You do not regenerate when monsters are visible.
You are immune to unholy pain and torment.
You can survive without breathing.


Message History

You feel your intelligence returning.
You have reached level 5!
You feel stronger.
The orc looks more experienced.
You hear a shout!
The orc hits the ooze but does no damage.
The orc hits the ooze with a +0 club.
The ooze dies!
You aren't carrying any potions.
As you read the scroll labeled FIPITT SINUCLA, it crumbles to dust.
You assume a fearsome visage.
The giant cockroach looks frightened!
The orc looks frightened!
It was a scroll of fear.
The orc hits the giant cockroach with a +0 club.
The orc's attack snaps the giant cockroach out of its fear.
The orc wizard casts a spell at you.
The magic dart hits the orc!
The orc dies!
The orc wizard points at you and mumbles some strange words.
The magic dart hits you.
You die...

.........).....###.....
.........).............
##.......so............
.............†...?...!.
.o...####............. .....
#..........#### ###.#
#.#####....###
.##≈≈.≈≈##.......#
[.##.≈≈≈≈#≈≈...†@...# ...#
..#≈≈≈≈≈≈≈#≈≈≈##....## ...(#
.#w≈≈≈≈≈≈≈≈≈≈≈≈#.....# ....#
#.≈≈≈≈≈≈≈≈≈≈≈≈≈.##...# ....#
#≈≈≈≈≈≈≈≈≈≈≈≈≈≈≈##...##....# .
#≈#≈≈≈≈≈≈≈≈≈≈≈≈≈≈....(.....#..
≈≈≈≈.≈≈.<[≈≈(.≈≈#.#..)[.......
≈#)....<.....≈≈..#...........
≈≈≈?..≈...≈≈≈.≈#≈##...........


You could see an orc wizard (fast) and a giant cockroach (fleeing).

Vanquished Creatures
  3 adders
  4 worms (D:2)
  7 dart slugs
  A leopard gecko (D:1)
  An orc (D:3)
  6 bats
  A giant cockroach (D:2)
  5 goblins
  5 hobgoblins
  A quokka (D:2)
  A frilled lizard (D:1)
  3 kobolds
  3 rats
41 creatures vanquished.

Vanquished Creatures (collateral kills)
  An orc wizard (D:3)
  An ooze (D:3)
  A dart slug (D:3)
  3 orcs (D:3)
6 creatures vanquished.

Vanquished Creatures (others)
  An orc (D:3)
1 creature vanquished.

Grand Total: 48 creatures vanquished

Notes
Turn   | Place    | Note
-------+----------+-------------------------------------------
     0 | D:1      | grindst0ne the Ghoul Monk began the quest for the Orb.
     0 | D:1      | Reached XP level 1. HP: 19/19 MP: 0/0
   159 | D:1      | Reached XP level 2. HP: 26/26 MP: 1/1
   847 | D:2      | Reached XP level 3. HP: 25/33 MP: 2/2
  1077 | D:2      | Found a glowing golden altar of the Shining One.
  1123 | D:2      | Reached XP level 4. HP: 41/41 MP: 3/3
  1845 | D:3      | HP: 1/40 [orc wizard/magic dart (9)]
  1847 | D:3      | Reached XP level 5. HP: 2/46 MP: 4/4
  1852 | D:3      | Killed from afar by an orc wizard

Illustrated notes

Levels and vault maps discovered:
D:1:      scummos_arrival_forest, layout_basic
D:2:      minmay_evil_eye, layout_basic, tso_altar, roderic_serpentine_path
D:3:      kennysheep_slugbush, layout_basic, lightli_temple_of_fire,
          overflow_temple_1_default, first_ration, minmay_snake_closets,
          uniq_robin, uniq_purgy, uniq_grinder

Skill      XL: |  1  2 |
---------------+-------+-----
Fighting       | 4 |  4.9
Unarmed Combat | 4 |  4.9
Dodging        | |  2.6
Stealth        | |  2.1

Action                   |  1- 3 |  4- 6 || total
-------------------------+-------+-------++-------
Melee: Unarmed           |    83 |    44 ||   127
       Punch             |     1 |     2 ||     3
Throw: Dart              |       |     2 ||     2
  Use: Potion            |       |     4 ||     4
       Scroll            |       |     3 ||     3
 Stab: Sleeping          |     6 |       ||     6
  Eat: Chunk             |     5 |       ||     5
Armor: Robe              |     8 |       ||     8
       Leather armour    |     5 |       ||     5
       Ring mail         |     1 |    43 ||    44
Dodge: Dodged            |    38 |    43 ||    81
